 Dungeon Crawl Stone Soup version 0.30-a0-782-ge64f9170bb (webtiles) character file.

Game seed: 6031709694884131932

118 MackTheKnife the Stinger (level 5, -1/31 HPs)
             Began as an Octopode Wanderer on Feb 22, 2023.
             Was a Believer of Fedhas.
             Slain by a gnoll
             ... wielding a +0 halberd
              (11 damage)
             ... on level 3 of the Dungeon.
             The game lasted 00:03:09 (2389 turns).

MackTheKnife the Stinger (Octopode Wanderer)        Turns: 2389, Time: 00:03:09

Health: -1/31      AC:  1    Str:  9    XL:     5   Next: 2%
Magic:  5/9        EV: 11    Int: 15    God:    Fedhas [**....]
Gold:   118        SH:  5    Dex: 15    Spells: 5/9 levels left

rFire   . . .      SeeInvis .    j - +2 dagger (speed) {short}
rCold   . . .      Faith    .    b - +0 buckler
rNeg    . . .      Spirit   .    (helmet restricted)
rPois   .          Reflect  .    (no amulet)
rElec   .          Harm     .    (no ring)
rCorr   .          Rampage  .    (no ring)
Will    .....                    (no ring)
Stlth   ++                       (no ring)
HPRegen 0.25/turn                (no ring)
MPRegen 0.11/turn                (no ring)
                                 (no ring)
                                 (no ring)

@: very slightly contaminated
A: almost no armour, amphibious, 8 rings, camouflage 1, gelatinous body 1,
(nimble swimmer 1), tentacles
a: Renounce Religion, Wall of Briars


You were on level 3 of the Dungeon.
You worshipped Fedhas.
Fedhas was pleased with you.
You visited 1 branch of the dungeon, and saw 3 of its levels.

You collected 118 gold pieces.


Innate Abilities, Weirdness & Mutations

You cannot wear most types of armour.
You are amphibious.
You can wear up to eight rings at the same time.
Your skin changes colour to match your surroundings (Stealth+).
Your rubbery body absorbs attacks. (AC +1, EV +1)
((You are camouflaged when in or above water. (Stealth+)))
You have tentacles for arms and can constrict up to eight enemies at once.


   Skills:
 - Level 4.0 Shields
 + Level 2.7 Spellcasting
 + Level 1.1 Conjurations
 + Level 1.1 Air Magic
 + Level 4.2 Poison Magic
 - Level 1.0 Invocations
 - Level 2.1 Evocations


You had 5 spell levels left.
You knew the following spells:

 Your Spells              Type           Power      Damage    Failure   Level
a - Sting                 Tmut/Pois      32%        1d4       11%         1
b - Mephitic Cloud        Conj/Pois/Air  8%         N/A       32%         3

Your spell library contained the following spells:

 Spells                   Type           Power      Damage    Failure   Level


Inventory:

Hand Weapons
 j - a +2 dagger of speed (weapon) {short}
   (You took it off a goblin on level 2 of the Dungeon)
Missiles
 g - 3 poisoned darts {throwing}
Armour
 b - a +0 buckler (worn)
Wands
 d - a wand of flame (17)
Scrolls
 a - a scroll of immolation {unknown}
 e - 2 scrolls of identify {unknown}
 f - 2 scrolls of noise {unknown}
Potions
 c - a potion of berserk rage {!q}
 h - a potion of brilliance {unknown}
 i - a potion of flight {unknown}

Dungeon Overview and Level Annotations

Branches:
Dungeon (3/15) Zot: 15606

Altars:
Fedhas

####### #.....# #.#.#####
#.#.....# ###### #.#.#####
#....# #####.....##### #.##.#
#...####.......
####.##.#######...####.######
#..#.##...g)@................
#..#.##########...####.###...
#..#.# #...# #...#... #..#)#
#...# ###.#.#. ...##..#.#
#...# #.#.## .........# #...#
#.#.#. ..######## #...#
#.#.## ##### #.#.# #.#.#


You could see a gnoll.


Message History

You miscast Sting.
You are very lightly contaminated with residual magic.
Nothing appears to happen.
A gnoll comes into view. It is wielding a +0 halberd.
The goblin completely misses you. 😕 MP[-1]
You lost 1 mp, and now have 7/9 mp.
You closely miss the goblin. You grab the goblin.
You constrict the goblin, but do no damage.
You block the goblin's attack.
You release your grip on the goblin.
The goblin attacks as you move away!
The goblin hits you with a +0 dagger. 😕 HP[-2]
You take 2 damage, and now have 26/31 hp. 😕 HP[+1]
The goblin attacks as you move away!
The goblin hits you with a +0 dagger. 😕 HP[-3]
You take 3 damage, and now have 24/31 hp.
The goblin attacks as you move away! The goblin closely misses you.
You kill the goblin!
Fedhas appreciates your contribution to the ecosystem.
Casting: Sting (safe; 11% risk of failure)
Confirm with . or Enter, or press ? or * to list all spells.
Aiming: Sting (safe; 11% risk of failure)
Press: ? - help, Shift-Dir - straight line, f - gnoll
Aim: a gnoll, wielding a +0 whip (72% to hit)
You miscast Sting.
Nothing appears to happen. 😕 HP[+1] MP[-1]
You lost 1 mp, and now have 6/9 mp.
Casting: Sting (safe; 11% risk of failure)
Confirm with . or Enter, or press ? or * to list all spells.
Okay, then.
Casting: Sting (safe; 11% risk of failure)
Confirm with . or Enter, or press ? or * to list all spells.
The spell is quite dangerous to miscast (32% risk of failure)!
Continue anyway?
Aiming: Mephitic Cloud (quite dangerous; 32% risk of failure)
Press: ? - help, Shift-Dir - straight line, f/p - gnoll
Aim: a gnoll, wielding a +0 whip (chance to affect: 91%)
Okay, then.
Unknown command. 😕 MP[+1]
Casting: Mephitic Cloud (quite dangerous; 32% risk of failure)
Confirm with . or Enter, or press ? or * to list all spells.
Aiming: Sting (safe; 11% risk of failure)
Press: ? - help, Shift-Dir - straight line, f/p - gnoll
Aim: a gnoll, wielding a +0 whip (72% to hit)
The sting hits the gnoll but does no damage.
The gnoll is poisoned.
You block the gnoll's attack. 😕 HP[+1] MP[-1]
You lost 1 mp, and now have 6/9 mp.
You hit the gnoll. Your grab misses the gnoll.
The gnoll hits you from afar with a +0 halberd!
The gnoll closely misses you. 😮 HP[-7]
You take 7 damage, and now have 19/31 hp.
MASSIVE DAMAGE!! (PAUSE)
You closely miss the gnoll. You grab the gnoll. You squeeze the gnoll.
You constrict the gnoll.
You release your grip on the gnoll.
Your magical contamination has completely faded away. 😮 HP[+1]
The gnoll closely misses you. The gnoll misses you. 😮 MP[+1]
The gnoll attacks as you move away! You block the gnoll's attack.
The gnoll looks more healthy. 😮 HP[+1]
Casting: Sting (safe; 11% risk of failure)
Confirm with . or Enter, or press ? or * to list all spells.
Aiming: Sting (safe; 11% risk of failure)
Press: ? - help, Shift-Dir - straight line, f/p - gnoll
Aim: a gnoll, wielding a +0 whip (almost dead, 72% to hit)
You miscast Sting.
You are very lightly contaminated with residual magic.
Nothing appears to happen.
The gnoll misses you. The gnoll closely misses you. 😮 MP[-1]
You lost 1 mp, and now have 6/9 mp.
You hit the gnoll but do no damage. You grab the gnoll.
You constrict the gnoll, but do no damage.
You block the gnoll's attack.
The gnoll hits you from afar with a +0 halberd!
* * * LOW HITPOINT WARNING * * *
😨 HP[-12]
You take 12 damage, and now have 9/31 hp.
MASSIVE DAMAGE!! (PAUSE)
You release your grip on the gnoll. 😨 HP[+1] Unknown command.
Casting: Sting (safe; 11% risk of failure)
Confirm with . or Enter, or press ? or * to list all spells.
Aiming: Sting (safe; 11% risk of failure)
Press: ? - help, Shift-Dir - straight line, f/p - gnoll
Aim: a gnoll, wielding a +0 whip (almost dead, 72% to hit)
The sting hits the gnoll but does no damage.
The gnoll is poisoned.
You kill the gnoll!
Fedhas appreciates your contribution to the ecosystem.
The gnoll hits you from afar with a +0 halberd!
You die...
Fedhas appreciates your contribution to the ecosystem.

Skill      XL: |  1  2  3  4 |
---------------+-------------+-----
Poison Magic   | 3 4 |  4.2
Spellcasting   | 2 |  2.7
Conjurations   | 1 |  1.1
Air Magic      | 1 |  1.1
Shields        | |  4.0
Invocations    | |  1.0
Evocations     | |  2.1

Action                     |  1- 3 |  4- 6 || total
---------------------------+-------+-------++-------
  Melee: Dagger            |    68 |    14 ||    82
         Constrict         |    19 |     6 ||    25
         Tentacles         |    18 |     3 ||    21
         Club              |       |     6 ||     6
         Punch             |       |     1 ||     1
   Cast: Sting             |    44 |    28 ||    72
   Stab: Sleeping          |     1 |       ||     1
 Armour: Skin              |    14 |     2 ||    16
  Dodge: Dodged            |    30 |    18 ||    48
  Block: Buckler           |    17 |     7 ||    24

Levels and vault maps discovered:
D:1:      sevenhm_arrival_forest_fort_small_4, layout_loops_corners,
          shapermc_ecumenical_altar_flowoftime
D:2:      layout_rooms, uniq_jessica
D:3:      layout_basic, gammafunk_ghost_split, minmay_misc_feat_four_crosses

Notes
Turn   | Place    | Note
-------+----------+-------------------------------------------
     0 | D:1      | MackTheKnife the Octopode Wanderer began the quest for the
                  | Orb.
     0 | D:1      | MackTheKnife set off with the following items: a +0 dagger
                  | {short}, a +0 buckler, a potion of berserk rage {!q}, a
                  | wand of flame (17); and the following spell memorised:
                  | Sting; and the following spells available to memorise:
                  | Mephitic Cloud.
     0 | D:1      | Reached XP level 1. HP: 11/11 MP: 2/2
     0 | D:1      | magus.rc [v1.9.6]
   230 | D:1      | Reached XP level 2. HP: 17/17 MP: 0/4
   296 | D:1      | Reached skill level 3 in Poison Magic
   724 | D:1      | Found a faded altar of an unknown god.
   771 | D:1      | Prayed at the altar of an unknown god.
   771 | D:1      | Became a worshipper of Fedhas Madash
   771 | D:1      | Reached * piety under Fedhas
   827 | D:1      | Reached XP level 3. HP: 21/21 MP: 0/5
  1203 | D:2      | Reached skill level 2 in Spellcasting
  1398 | D:2      | Learned a level 3 spell: Mephitic Cloud
  1555 | D:2      | Reached XP level 4. HP: 27/27 MP: 1/7
  1670 | D:2      | Reached ** piety under Fedhas
  1745 | D:2      | Noticed Jessica
  1754 | D:2      | Killed Jessica
  1755 | D:2      | Reached skill level 4 in Poison Magic
  1860 | D:2      | Reached skill level 1 in Conjurations
  1860 | D:2      | Reached skill level 1 in Air Magic
  2293 | D:3      | Reached XP level 5. HP: 28/31 MP: 5/9
  2389 | D:3      | Slain by a gnoll

Vanquished Creatures
  Jessica (D:2)
  A gnoll (D:3)
  4 adders (D:2)
  A worm (D:2)
  An orc (D:2)
  5 ball pythons
  5 bats
  6 endoplasms
  2 giant cockroaches
  4 goblins
  5 hobgoblins
  2 jackals (D:1)
  2 kobolds (D:1)
  A quokka (D:1)
  3 frilled lizards
  10 rats
53 creatures vanquished.

Vanquished Creatures (others)
  2 plants (D:1)
  3 withered plants (D:1)
5 creatures vanquished.

Grand Total: 58 creatures vanquished

Table legend:
 A = Non-vault XP
 B = Vault XP
 C = Vault XP percentage of total XP
 D = Non-vault monster count
 E = Vault monster count
 F = Vault count percentage of total count
                 A         B        C        D         E       F
            +---------+---------+-------+---------+---------+-------
      Total |     146 |      37 |  20.2 |      52 |       1 |   1.9
            +---------+---------+-------+---------+---------+-------
        D:1 |      36 |       0 |   0.0 |      22 |       0 |   0.0
        D:2 |      90 |      37 |  29.1 |      25 |       1 |   3.8
        D:3 |      20 |       0 |   0.0 |       5 |       0 |   0.0
            +---------+---------+-------+---------+---------+-------

Illustrated notes

Table legend:
 A = Kills in this place as a percentage of kills in entire the game.
 B = Kills by you in this place as a percentage of kills by you in the entire game.
 C = Kills by friends in this place as a percentage of kills by friends in the entire game.
 D = Other kills in this place as a percentage of other kills in the entire game.
 E = Experience gained in this place as a percentage of experience gained in the entire game.
 F = Experience gained in this place divided by the number of levels of this place that you have seen.
                   A       B       C       D       E      F
               +-------+-------+-------+-------+-------+----------------------
         Total | 100.0 | 100.0 |   N/A |   N/A | 100.0 |  61.0
       Dungeon | 100.0 | 100.0 |   N/A |   N/A | 100.0 |  61.0
               +-------+-------+-------+-------+-------+----------------------

Table legend: (Time is in decaauts)
 A = Elapsed time spent in this place.
 B = Non-inter-level travel time spent in this place.
 C = Inter-level travel time spent in this place.
 D = Time resting spent in this place.
 E = Time spent auto-exploring this place.
 F = Levels seen in this place.
 G = Mean time per level.
                   A        B        C        D        E       F      G
               +--------+--------+--------+--------+--------+-----+--------+
         Total |   2392 |   2331 |     61 |     13 |   1938 |   3 |  797.3 |
       Dungeon |   2392 |   2331 |     61 |     13 |   1938 |   3 |  797.3 |
               +--------+--------+--------+--------+--------+-----+--------+

Top non-repeatable levels by time:
     D:1: 1196 daAuts
     D:2: 1006 daAuts
     D:3: 190 daAuts
